 Dungeon Crawl Stone Soup version 0.20-a0-2-g2b0e13a (webtiles) character file.

70 Kaname the Stinger (level 4, 0/30 HPs)
             Began as a Demonspawn Venom Mage on Oct 29, 2016.
             Slain by a worm (3 damage)
             ... on level 3 of the Dungeon.
             The game lasted 00:06:00 (2192 turns).

Kaname the Stinger (Demonspawn Venom Mage)          Turns: 2192, Time: 00:06:01

Health: 0/30       AC:  8    Str:  9    XL:     4   Next: 4%
Magic:  7/7        EV: 12    Int: 17    God:
Gold:   72         SH:  0    Dex: 13    Spells: 2 memorised, 3 levels left

rFire  . . .     SeeInvis .     k - +0 spear
rCold  . . .     Gourm    .     a - +0 robe
rNeg   . . .     Faith    .     (no shield)
rPois  .         Spirit   .     (no helmet)
rElec  .         Reflect  .     (no cloak)
rCorr  .         Harm     .     (no gloves)
MR     .....                    (no boots)
Stlth  ++........               (no amulet)
                                (no ring)
                                (no ring)

@: sanguine armour
A: powered by death 1, powered by pain 1, sanguine armour 1
a: no special abilities


You were on level 3 of the Dungeon.
You were not hungry.

You visited 1 branch of the dungeon, and saw 3 of its levels.

You collected 72 gold pieces.

Inventory:

Hand Weapons
 k - a +0 spear (weapon)
Armour
 a - a +0 robe (worn)
Jewellery
 n - an uncursed ring of poison resistance {unknown}
Scrolls
 d - 3 scrolls of remove curse {unknown}
 e - a scroll of fear {unknown}
 i - 2 scrolls of teleportation {unknown}
 l - a scroll of enchant armour {unknown}
 o - 2 scrolls of recharging {unknown}
Potions
 m - a potion of might {unknown}
Books
 b - a Young Poisoner's Handbook

   Spells                             Type                      Level
   a - Sting                          Conjuration/Poison           1
   b - Mephitic Cloud                 Conjuration/Poison/Air       3
   c - Olgreb's Toxic Radiance        Poison                       4
   d - Alistair's Intoxication        Transmutation/Poison         5
   e - Venom Bolt                     Conjuration/Poison           5
Comestibles
 c - a bread ration
 f - 3 meat rations
 g - a beef jerky
 h - a royal jelly
 j - a slice of pizza


   Skills:
 - Level 1.7 Dodging
 - Level 1.7 Stealth
 - Level 2.0 Spellcasting
 + Level 3.7 Conjurations
 - Level 4.0 Poison Magic


You had 3 spell levels left.
You knew the following spells:

 Your Spells              Type           Power        Failure   Level  Hunger
a - Sting                 Conj/Pois      ##..         4%          1    #......
b - Mephitic Cloud        Conj/Pois/Air  ##......     21%         3    ###....


Dungeon Overview and Level Annotations

Branches:
Dungeon (3/15)

Altars:


Innate Abilities, Weirdness & Mutations

You regenerate a little health from kills.
You sometimes gain a little power by taking damage.
When seriously injured, your bleeding wounds create armour. (AC +6)


Message History

You are too injured to fight recklessly!
You are too injured to fight recklessly!
You are too injured to fight recklessly!
You are too injured to fight recklessly!
You are too injured to fight recklessly!
You are too injured to fight recklessly!
You are too injured to fight recklessly!
You are too injured to fight recklessly!
You are too injured to fight recklessly!
You are too injured to fight recklessly!
You are too injured to fight recklessly!
You are too injured to fight recklessly!
You are too injured to fight recklessly!
You are too injured to fight recklessly!
You hit the worm but do no damage.
The worm is almost dead.
You hit the worm.
The worm is almost dead.
The worm bites you.
You die...

#.# #.#.########....
#.###.#.##.........#
#.....#..'.........#
##########.........#
#..........
#...........
######'#####...
#.......)......
+......@.......
#......w.......
#.....?...(....
#..............
#..............
+............##
#............#
#.........$..#


You could see a worm.

Vanquished Creatures
  2 adders (D:2)
  A worm (D:2)
  A dart slug (D:2)
  5 bats
  3 giant cockroaches
  4 hobgoblins
  3 jackals (D:1)
  6 frilled lizards
  5 goblins
  9 kobolds
  12 rats
51 creatures vanquished.

Notes
Turn   | Place    | Note
-------+----------+-------------------------------------------
     0 | D:1      | Kaname the Demonspawn Venom Mage began the quest for the Orb.
     0 | D:1      | Reached XP level 1. HP: 13/13 MP: 3/3
    57 | D:1      | Reached skill level 1 in Conjurations
   355 | D:1      | Gained mutation: When seriously injured, your bleeding wounds create armour. (AC +6) [demonic ancestry]
   355 | D:1      | Reached XP level 2. HP: 17/19 MP: 5/5
   941 | D:2      | Gained mutation: You sometimes gain a little power by taking damage. [demonic ancestry]
   941 | D:2      | Reached XP level 3. HP: 24/24 MP: 6/6
  1060 | D:2      | Learned a level 3 spell: Mephitic Cloud
  2094 | D:3      | Gained mutation: You regenerate a little health from kills. [demonic ancestry]
  2094 | D:3      | Reached XP level 4. HP: 28/30 MP: 4/7
  2192 | D:3      | Slain by a worm

Vault maps used:
D:1:      lightli_arrival_flooded_house
D:3:      kennysheep_the_goblin_king, lemuel_coloured_pillars_altar,
          old_standard_altar

Skill      XL: |  1  2  3 |
---------------+----------+-----
Conjurations   | 1 2 3 |  3.7
Dodging        | |  1.7
Stealth        | |  1.7
Spellcasting   | |  2.0
Poison Magic   | |  4.0

Action                   |  1- 3 |  4- 6 || total
-------------------------+-------+-------++-------
Melee: Unarmed           |    23 |       ||    23
       Dagger            |    55 |       ||    55
       Short sword       |    24 |       ||    24
       Spear             |    48 |    16 ||    64
 Cast: Sting             |    35 |       ||    35
  Use: Scroll            |     1 |       ||     1
 Stab: Sleeping          |     7 |       ||     7
  Eat: Chunk             |     4 |     1 ||     5
Armor: Robe              |    40 |       ||    40
Dodge: Dodged            |   121 |     3 ||   124
